 Dungeon Crawl Stone Soup version 0.17.1-1-g73c8601 (webtiles) character file.

9699 shmeve the Covert (level 11, -2/87 HPs)
             Began as a Vampire Berserker on Apr 18, 2016.
             Was a High Priest of Trog.
             Slain by a manticore (4 damage)
             ... on level 11 of the Dungeon.
             The game lasted 00:32:07 (10150 turns).

shmeve the Covert (Vampire Berserker)              Turns: 10150, Time: 00:32:08

Health: -2/87      AC: 19    Str: 19    XL:     11   Next: 26%
Magic:  11/11      EV: 10    Int:  9    God:    Trog [*****.]
Gold:   659        SH:  0    Dex: 18    Spells: 0 memorised, 10 levels left

rFire  . . .     SeeInvis +     x - +0 war axe
rCold  . . .     Clarity  .     s - +0 plate armour
rNeg   + + .     SustAt   .     (no shield)
rPois  +         Gourm    .     B - +2 hat
rElec  +         Spirit   .     d - +0 cloak
rCorr  .         Warding  +     i - +2 pair of gloves
rMut   .         NoTele   +     (no boots)
MR     +....                    b - amulet of Cekugob {Ward -Tele rElec rPois rN++ AC+1 EV+1}
Stlth  +++.......               j - +3 ring of dexterity
                                E - ring of stealth

@: regenerating quickly, somewhat resistant to hostile enchantments, fairly
stealthy
A: fangs 3, see invisible, unbreathing
a: Berserk, Trog's Hand, Brothers in Arms, Burn Spellbooks, Renounce Religion


You were on level 11 of the Dungeon.
You worshipped Trog.
Trog was extremely pleased with you.
You were very full.

You visited 2 branches of the dungeon, and saw 12 of its levels.

You collected 659 gold pieces.

Inventory:

Hand Weapons
 x - a +0 war axe (weapon)
Armour
 d - a +0 cloak (worn)
 i - a +2 pair of gloves (worn)
 s - a +0 plate armour (worn)
 B - a +2 hat (worn)
 J - a +0 buckler
Jewellery
 b - the amulet of Cekugob (around neck) {Ward -Tele rElec rPois rN++ AC+1 EV+1}
   (You found it on level 6 of the Dungeon)

   [amulet of warding]

   It may prevent the melee attacks of summoned creatures.
   It affects your AC (+1).
   It affects your evasion (+1).
   It insulates you from electricity.
   It protects you from poison.
   It greatly protects you from negative energy.
   It prevents most forms of teleportation.
 j - a +3 ring of dexterity (right hand)
 E - a ring of stealth (left hand)
Scrolls
 f - 2 scrolls of magic mapping {unknown}
 h - 3 scrolls of remove curse
 k - a scroll of fear {unknown}
 m - 2 scrolls of recharging
 r - 3 scrolls of teleportation
 y - 3 scrolls of brand weapon {unknown}
 A - 2 scrolls of enchant weapon {unknown}
 G - a scroll of fog
 I - 5 scrolls of amnesia {unknown}
Potions
 c - 7 potions of blood
 e - a potion of mutation {unknown}
 g - 2 potions of degeneration {unknown}
 l - a potion of flight {unknown}
 n - 4 potions of lignification
 o - a potion of poison {unknown}
 p - 3 potions of brilliance {unknown}
 q - a potion of cure mutation {unknown}
 t - 4 potions of curing
 u - 2 potions of resistance
 v - a potion of haste {unknown}
 w - a potion of agility {unknown}
 z - 4 potions of might
 C - a potion of berserk rage {unknown}
 D - a potion of ambrosia {unknown}
Books
 F - a book of Cantrips

   Spells                             Type                      Level
   a - Corona                         Hexes                        1
   b - Animate Skeleton               Necromancy                   1
   c - Summon Small Mammal            Summoning                    1
   d - Apportation                    Translocation                1
   Trog disapproves of the use of such an item.


   Skills:
 - Level 8.3 Fighting
 - Level 8.2 Axes
 - Level 5.0 Armour
 - Level 6.7 Dodging
 + Level 13.4 Stealth
 * Level 4.1 Shields


You had 10 spell levels left.
You didn't know any spells.

Dungeon Overview and Level Annotations

Branches:
Dungeon (11/15)            Temple (1/1) D:5             Orc (0/4) D:10
   Lair: D:8-11

Altars:
Cheibriados
Dithmenos
Fedhas
Gozag
Kikubaaqudgha
Makhleb
Nemelex Xobeh
Qazlal
Ru
Sif Muna
Trog
Vehumet
Xom
Zin
Beogh

Annotations:
D:8 Prince Ribbit


Innate Abilities, Weirdness & Mutations

Your natural rate of healing is unusually fast.
You have razor-sharp teeth.
You have supernaturally acute eyesight.
You can survive without breathing.


Message History

The manticore bites you but does no damage.
The manticore misses you.
The manticore claws you but does no damage.
The worker ant bites you.
* * * LOW HITPOINT WARNING * * *
You slash the manticore! You bite the manticore.
The manticore is almost dead.
You closely miss the worker ant.
The worker ant is moderately wounded.
The worker ant closely misses you. The manticore barely misses you.
The manticore closely misses you. The manticore barely misses you.
Unknown command.
Drink which item? (? for menu, Esc to quit)
Yummy - fresh blood!
The worker ant bites you but does no damage.
The manticore bites you.
* * * LOW HITPOINT WARNING * * *
The manticore claws you but does no damage.
The manticore claws you.
You die...

........ ...
###......##.# .
##......##... ..
...........# ##...
#........##......
##........#......
##......O.5r....#
##..##..###Hr....#
##..###..#.@ar......
##..##
#.#####.......
####.)## #.# ..####.
#....## #.# .#.#
###..## #.# #.##.#
##..# #.## ..# ##
#..### #..###..#
##...###......#
##...#.......#


You could see a manticore, a hell rat, a worker ant, a shadow imp and 2 rats.

Vanquished Creatures
  Gastronok (D:8)
  An unseen horror (D:6)
  A hill giant (D:11)
  Maurice (D:8)
  Joseph (D:8)
  Grinder (D:5)
  A two-headed ogre (D:9)
  The ghost of grimtooth the Chiller, an amateur HEIE (D:3)
  2 hungry ghosts
  2 wyverns (D:8)
  Menkaure (D:6)
  Edmund (D:5)
  A water moccasin (D:4)
  An ice beast (D:7)
  Duvessa (D:5)
  A porcupine (D:11)
  2 orc warriors
  3 black bears
  3 ogres
  4 phantoms
  2 centaurs
  A necrophage (D:9)
  2 sky beasts (D:5)
  2 eyes of draining
  Blork the orc (D:6)
  A big kobold (D:9)
  6 giant frogs
  Dowan (D:5)
  7 scorpions
  A water moccasin skeleton (D:7)
  9 wights
  A giant frog zombie (D:8)
  7 crimson imps
  5 hounds
  A giant frog skeleton (D:7)
  Crazy Yiuf (D:5)
  6 orc priests
  4 jellies
  7 orc wizards
  A centaur skeleton (D:5)
  2 iguanas
  10 worker ants
  A hound zombie (D:9)
  4 hound skeletons
  Robin (D:4)
  3 gnolls (D:6)
  2 worker ant zombies (D:5)
  14 adders
  2 shadow imps
  7 oozes
  An adder zombie (D:6)
  3 adder skeletons
  A worm (D:3)
  9 giant geckos
  29 orcs
  A ball python (D:6)
  8 bats
  7 giant cockroaches
  14 goblins
  18 hobgoblins
  11 jackals
  13 kobolds
  5 quokkas
  A ball python zombie (D:5)
  A giant gecko skeleton (D:4)
  7 giant newts
  6 rats
277 creatures vanquished.

Vanquished Creatures (collateral kills)
  A black bear (D:11)
1 creature vanquished.

Vanquished Creatures (others)
  A hound (D:8)
1 creature vanquished.

Grand Total: 279 creatures vanquished

Notes
Turn   | Place    | Note
--------------------------------------------------------------
     0 | D:1      | shmeve the Vampire Berserker began the quest for the Orb.
     0 | D:1      | Reached XP level 1. HP: 17/17 MP: 1/1
   424 | D:1      | Reached skill level 1 in Stealth
   872 | D:1      | Reached XP level 2. HP: 20/23 MP: 2/2
  1057 | D:2      | Reached skill level 3 in Axes
  1210 | D:2      | Reached XP level 3. HP: 18/29 MP: 3/3
  1508 | D:2      | Reached ** piety under Trog
  1597 | D:2      | Reached XP level 4. HP: 35/35 MP: 4/4
  1814 | D:3      | Noticed grimtooth's ghost (amateur HEIE)
  1845 | D:3      | Killed grimtooth's ghost
  1845 | D:3      | Reached skill level 4 in Stealth
  1845 | D:3      | Reached XP level 5. HP: 42/42 MP: 5/5
  2373 | D:3      | Reached XP level 6. HP: 48/48 MP: 6/6
  2993 | D:4      | Reached *** piety under Trog
  3140 | D:4      | Reached skill level 5 in Stealth
  3407 | D:4      | Noticed Robin
  3418 | D:4      | Killed Robin
  3418 | D:4      | Reached XP level 7. HP: 54/54 MP: 7/7
  3532 | D:4      | Noticed a water moccasin
  3541 | D:4      | Killed a water moccasin
  3711 | D:4      | Found a deep blue altar of Sif Muna.
  3764 | D:4      | Reached skill level 6 in Stealth
  4025 | D:5      | Entered Level 5 of the Dungeon
  4036 | D:5      | Noticed Grinder
  4038 | D:5      | Paralysed by Grinder for 4 turns
  4050 | D:5      | Reached skill level 5 in Fighting
  4058 | D:5      | Killed Grinder
  4058 | D:5      | Reached skill level 5 in Axes
  4058 | D:5      | Reached skill level 7 in Stealth
  4058 | D:5      | Reached XP level 8. HP: 62/62 MP: 6/8
  4063 | D:5      | Found a sacrificial altar of Ru.
  4213 | D:5      | Noticed Edmund
  4233 | D:5      | Killed Edmund
  4278 | D:5      | Reached skill level 8 in Stealth
  4499 | D:5      | Found a staircase to the Ecumenical Temple.
  4562 | D:5      | Noticed Dowan
  4565 | D:5      | Noticed Duvessa
  4576 | D:5      | Killed Duvessa
  4584 | D:5      | Found a shadowy altar of Dithmenos.
  4639 | D:5      | Killed Dowan
  5006 | D:5      | Noticed Crazy Yiuf
  5021 | D:5      | Killed Crazy Yiuf
  5201 | Temple   | Entered the Ecumenical Temple
  5268 | D:6      | Found a sparkling altar of Nemelex Xobeh.
  5268 | D:6      | Found a shimmering altar of Xom.
  5311 | D:6      | Noticed Menkaure
  5319 | D:6      | Killed Menkaure
  5319 | D:6      | Reached skill level 9 in Stealth
  5319 | D:6      | Reached XP level 9. HP: 49/69 MP: 6/9
  5333 | D:6      | Found a bloodstained altar of Trog.
  5409 | D:6      | Reached skill level 5 in Dodging
  5410 | D:6      | Noticed Blork the orc
  5428 | D:6      | Killed Blork the orc
  5602 | D:6      | Noticed an unseen horror
  5756 | D:6      | Found a glowing silver altar of Zin.
  5757 | D:6      | Found an opulent altar of Gozag.
  5854 | D:6      | Reached **** piety under Trog
  6067 | D:6      | Found a radiant altar of Vehumet.
  6071 | D:6      | Found a burning altar of Makhleb.
  6190 | D:6      | Killed an unseen horror
  6190 | D:6      | Reached skill level 10 in Stealth
  6240 | D:6      | Found an ancient bone altar of Kikubaaqudgha.
  6511 | D:7      | Found a sparkling altar of Nemelex Xobeh.
  6984 | D:7      | Found a snail-covered altar of Cheibriados.
  7254 | D:8      | Noticed Gastronok
  7269 | D:8      | Killed Gastronok
  7269 | D:8      | Reached skill level 11 in Stealth
  7269 | D:8      | Reached XP level 10. HP: 80/80 MP: 10/10
  7523 | D:8      | Noticed Joseph
  7524 | D:8      | Noticed Prince Ribbit
  7539 | D:8      | Killed Joseph
  7539 | D:8      | Reached skill level 12 in Stealth
  7805 | D:8      | Found a stormy altar of Qazlal.
  8416 | D:8      | Noticed Maurice
  8432 | D:8      | Killed Maurice
  8432 | D:8      | Reached skill level 5 in Armour
  8887 | D:9      | Reached skill level 1 in Shields
  8889 | D:9      | Reached ***** piety under Trog
  9122 | D:9      | Reached XP level 11. HP: 82/87 MP: 11/11
  9212 | D:9      | Reached skill level 13 in Stealth
  9339 | D:10     | Entered Level 10 of the Dungeon
  9475 | D:10     | Found a staircase to the Orcish Mines.
  9492 | D:10     | Found a roughly hewn altar of Beogh.
  9743 | D:10     | Found an opulent altar of Gozag.
 10083 | D:11     | Found a burning altar of Makhleb.
 10093 | D:11     | Noticed a hill giant
 10107 | D:11     | Killed a hill giant
 10150 | D:11     | HP: 2/87 [manticore (4)]
 10150 | D:11     | Slain by a manticore

Action                   |  1- 3 |  4- 6 |  7- 9 | 10-12 || total
-------------------------+-------+-------+-------+-------++-------
Melee: Hand axe          |   111 |   202 |   517 |   430 ||  1260
       War axe           |       |       |       |    89 ||    89
Invok: Berserk           |       |     2 |    12 |     5 ||    19
       Trog's Hand       |       |       |     7 |     3 ||    10
       Burn Spellbooks   |       |       |     1 |     2 ||     3
       Brothers in Arms  |       |       |       |     1 ||     1
  Use: Potion            |       |     3 |    22 |     9 ||    34
       Scroll            |       |       |    11 |     3 ||    14
 Stab: Sleeping          |     5 |     4 |     4 |    10 ||    23
       Distracted        |       |       |       |     1 ||     1
  Eat: Corpse            |    13 |    11 |    15 |    19 ||    58
